[Event "ICC tourney 2667 (40 10)"]
[Site "Internet Chess Club"]
[Date "2021.09.11"]
[Round "2"]
[White "QUIRKE, JEFFREY L:PawnEatingZombi"]
[Black "SHOLL, CRAIG H:craigsholl66"]
[Result "1-0"]
[ICCResult "Black resigns"]
[WhiteElo "2058"]
[BlackElo "1791"]
[Opening "QGD: exchange, positional line"]
[ECO "D35"]
[NIC "QO.16"]
[Time "13:17:14"]
[TimeControl "2400+10"]

1. d4 Nf6 2. c4 e6 3. Nc3 d5 4. cxd5 exd5 5. Bg5 Be7 6. e3 O-O 7. Bd3 h6 8.
Bh4 c6 9. Qc2 Re8 10. Nge2 Nbd7 11. f3 Nf8 12. O-O b6 13. Kh1 Bb7 14. Rad1
Ne6 15. Bf2 c5 16. Bb5 Rf8 17. dxc5 bxc5 18. e4 d4 19. Bc4 Qa5 20. Nb1 Ba6
21. Na3 Rab8 22. Be1 Qb6 23. b3 Nc7 24. Bg3 Rbc8 25. Nc1 Nb5 26. Nxb5 Bxb5
27. Nd3 a6 28. Be1 Rfd8 29. Bd2 a5 30. a4 Be8 31. Rde1 Ra8 32. Qd1 Bd7 33.
Qc2 Be6 34. Rb1 Nd7 35. Rfc1 Rac8 36. Qd1 Bf6 37. f4 Nb8 38. Qe1 Nc6 39.
Bxe6 fxe6 40. Rxc5 Nb4 41. Bxb4 axb4 42. Rbc1 Rxc5 43. Rxc5 Be7 44. Rc4 Rb8
45. h3 Kh7 46. Qe2 Re8 47. e5 g6 48. Qe4 Rd8 49. Qc6 Qxc6 50. Rxc6 Kg7 51.
Rxe6 Kf7 52. Rc6 Rd5 53. g4 Ke8 54. Kg2 Kf7 55. Kf3 h5 56. Ke4 Rd8 57. g5
Kg7 58. h4 Kf7 59. f5 gxf5+ 60. Kxf5 Rd5 61. Rc7 Ke8 62. Ke6 Bf8 63. Kxd5
{Black resigns}
1-0

[Event "ICC tourney 2667 (40 10)"]
[Site "Internet Chess Club"]
[Date "2021.09.11"]
[Round "2"]
[White "LIU, ERIC CHANG:el008"]
[Black "Otawa, Yuto:hidedozyo"]
[Result "1-0"]
[ICCResult "Black forfeits on time"]
[WhiteElo "1934"]
[BlackElo "2221"]
[Opening "Giuoco Piano"]
[ECO "C54"]
[NIC "IG.02"]
[Time "13:17:14"]
[TimeControl "2400+10"]

1. e4 e5 2. Nf3 Nc6 3. Bc4 Bc5 4. c3 Nf6 5. d3 a6 6. Bb3 Ba7 7. Nbd2 d6 8.
O-O O-O 9. h3 Be6 10. Bc2 h6 11. Re1 Qd7 12. Nf1 d5 13. exd5 Qxd5 14. Qe2
Rfe8 15. Ng3 Qd7 16. a3 Nd5 17. Qf1 f6 18. Bd2 Rad8 19. Rad1 Qf7 20. b4 Nde7
21. c4 Nd4 22. Nxd4 Bxd4 23. Kh2 b6 24. a4 f5 25. Ne2 c5 26. Nxd4 exd4 27.
bxc5 bxc5 28. Rb1 Nc6 29. f4 Qc7 30. a5 Nxa5 31. Ra1 Nc6 32. Rxa6 Bc8 33.
Raa1 Bb7 34. Reb1 Re7 35. Rb5 Qd6 36. Bd1 Nb4 37. Bxb4 cxb4 38. Rb1 Re3 39.
Rxb7 Qg6 40. Bf3 Rde8 41. R1xb4 Qd6 42. Bd5+ Kh7 43. R4b6 Qa3 44. Qf2 Kh8
45. Qh4 Qf8 46. Rf7 {Black forfeits on time} 1-0

[Event "ICC tourney 2667 (40 10)"]
[Site "Internet Chess Club"]
[Date "2021.09.11"]
[Round "2"]
[White "SHAWKAT, SAIF:saif-shawkat"]
[Black "Wang, Eigen:eigenator"]
[Result "0-1"]
[ICCResult "White resigns"]
[WhiteElo "1953"]
[BlackElo "2285"]
[Opening "French: Winawer, advance, 6...Ne7"]
[ECO "C18"]
[NIC "FR.11"]
[Time "13:17:10"]
[TimeControl "2400+10"]

1. e4 e6 2. d4 d5 3. Nc3 Bb4 4. e5 c5 5. a3 Bxc3+ 6. bxc3 Ne7 7. h4 b6 8.
Bb5+ Bd7 9. Bd3 Ba4 10. h5 h6 11. Qg4 c4 12. Be2 Nf5 13. Bd1 Nc6 14. Qf4 Qd7
15. g4 Nfe7 16. Rh3 f6 17. exf6 Rf8 18. Qh2 Rxf6 19. g5 hxg5 20. Bxg5 Rf5
21. f4 O-O-O 22. Bg4 Rff8 23. Qe2 Kb7 24. Qxe6 Qxe6+ 25. Bxe6 Rd6 26. Bg4
Bxc2 27. Nf3 Bf5 28. Bxf5 Nxf5 29. Ne5 Nd8 30. O-O-O Ne6 31. Ng6 Rf7 32. Re1
Ka6 33. Re5 Ka5 34. Nh8 Rf8 35. Ng6 Rf7 36. Rh1 Ka4 37. Nh8 Rf8 38. Ng6 Rf7
39. Rhe1 Nxg5 40. fxg5 Ng3 41. Ne7 Kb3 42. g6 Rf2 43. h6 Rdf6 44. hxg7 Rc2+
45. Kb1 Rff2 46. R5e2 Rfxe2 47. Rxe2 Nxe2 {White resigns} 0-1

[Event "ICC tourney 2667 (40 10)"]
[Site "Internet Chess Club"]
[Date "2021.09.11"]
[Round "2"]
[White "Wan, Joseph Cheng-Yue:cyborg86"]
[Black "Nesham, William Joseph:FireFox95"]
[Result "1-0"]
[ICCResult "Black forfeits on time"]
[WhiteElo "2295"]
[BlackElo "2008"]
[Opening "Giuoco Piano"]
[ECO "C54"]
[NIC "IG.02"]
[Time "13:17:18"]
[TimeControl "2400+10"]

1. e4 e5 2. Nf3 Nc6 3. Bc4 Bc5 4. c3 Nf6 5. d3 O-O 6. O-O d5 7. exd5 Nxd5 8.
Re1 Be6 9. b4 Bb6 10. a4 a6 11. Qb3 Kh8 12. Ra2 f6 13. d4 Bg8 14. dxe5 Nxe5
15. Nxe5 fxe5 16. Rf1 c6 17. a5 Ba7 18. Bxd5 cxd5 19. Re2 Qh4 20. b5 Qh5 21.
Qb2 axb5 22. Qxb5 Rac8 23. Be3 Rc4 24. Rfe1 Rh4 25. h3 Rxh3 26. gxh3 Qxh3
27. Bxa7 Qg4+ 28. Kf1 Qf3 29. Rxe5 Rf4 30. Re8 Qh1+ 31. Ke2 Qh5+ 32. Kd2 h6
33. Rxg8+ Kxg8 34. Qe8+ Qxe8 35. Rxe8+ Kf7 36. Re1 Ra4 37. Bb6 g5 38. Kd3 h5
39. Nd2 h4 40. Nf3 Kg6 41. Re6+ Kf5 42. Rh6 Kg4 43. Nxh4 gxh4 44. Bd8 Kf3
45. Rxh4 Ra2 46. Rh7 Ra1 47. Bb6 d4 48. Rf7+ Kg2 49. Kxd4 Rd1+ 50. Kc4
{Black forfeits on time}
1-0

[Event "ICC tourney 2667 (40 10)"]
[Site "Internet Chess Club"]
[Date "2021.09.11"]
[Round "2"]
[White "PARK, EVAN:espark"]
[Black "GUTLA, ARYAN:Aryangambit"]
[Result "1-0"]
[ICCResult "Black resigns"]
[WhiteElo "2210"]
[BlackElo "1961"]
[Opening "English, 1...Nf6 (Anglo-Indian defense)"]
[ECO "A15"]
[NIC "EO.64"]
[Time "13:17:21"]
[TimeControl "2400+10"]

1. c4 Nf6 2. g3 g6 3. Bg2 Bg7 4. Nc3 d6 5. Nf3 O-O 6. O-O Nc6 7. d3 e5 8.
Bg5 h6 9. Bxf6 Bxf6 10. Rb1 a5 11. a3 Bg7 12. b4 axb4 13. axb4 Be6 14. Nd2
f5 15. b5 Na5 16. Qc2 c6 17. Nb3 e4 18. bxc6 bxc6 19. dxe4 Nxc4 20. Rbc1 Qb8
21. Nd2 Ra3 22. Ncb1 Nxd2 23. Qxd2 Ra2 24. Qe3 Ra6 25. exf5 Bxf5 26. Bxc6
Qb6 27. Bd5+ Kh7 28. Qxb6 Rxb6 29. Na3 Ra6 30. Nc4 Rb8 31. Rfd1 Ra2 32. Nxd6
Rxe2 33. Rc7 Rd8 34. Nxf5 gxf5 35. Kg2 Re5 36. Rc5 Bf8 37. Rb5 Bd6 38. Rd2
Kg7 39. f4 Re7 40. Bb3 Bc7 41. Rxd8 Bxd8 42. Rxf5 Re2+ 43. Kh3 Bb6 44. Kg4
Re7 45. Rb5 Bg1 46. h4 Bf2 47. Kf3 Bd4 48. Bc4 Rc7 49. Bd3 Re7 50. Be4 Rc7
51. Rd5 Bf6 52. Kg4 Re7 53. Kf5 Rf7 54. Kg4 Re7 55. Bd3 Rc7 56. Kh5 Be7 57.
Kg4 Bf6 58. Kh3 Re7 59. Rc5 Ra7 60. Bc4 Re7 61. Rc6 Ra7 62. Kg4 Ba1 63. Kf5
Ra5+ 64. Ke4 Ra7 65. g4 Re7+ 66. Kf5 Ra7 67. g5 hxg5 68. hxg5 Bb2 69. Kg4
Rd7 70. f5 Rb7 71. Kh5 Be5 72. f6+ Bxf6 73. gxf6+ Kh7 74. Bd3+ Kg8 75. Kg6
Rg7+ 76. Kf5 Rb7 77. Bc4+ Kh7 78. f7 {Black resigns} 1-0

[Event "ICC tourney 2667 (40 10)"]
[Site "Internet Chess Club"]
[Date "2021.09.11"]
[Round "3"]
[White "GUO, YU HAN (VERONICA):VeronicaG"]
[Black "RAMBHA, HEMACHANDRA:HR2005"]
[Result "1-0"]
[ICCResult "Black resigns"]
[WhiteElo "1650"]
[BlackElo "2044"]
[Opening "King's Indian: Kramer system"]
[ECO "E70"]
[NIC "KI.31"]
[Time "15:30:18"]
[TimeControl "2400+10"]

1. d4 Nf6 2. c4 g6 3. Nc3 Bg7 4. e4 d6 5. Nge2 O-O 6. Ng3 e5 7. d5 Nbd7 8.
h4 h5 9. Be2 Nh7 10. Be3 Bf6 11. Bh6 Re8 12. Bxh5 gxh5 13. Qxh5 Ndf8 14. Nf5
Bxf5 15. exf5 e4 16. Rh3 Be5 17. Qg4+ Kh8 18. Rg3 Ng6 19. fxg6 Bxg3 20. gxf7
Bxf2+ 21. Ke2 Qf6 22. fxe8=Q+ Rxe8 23. Bg7+ Qxg7 24. Qxg7+ Kxg7 25. Kxf2 Nf6
26. Re1 e3+ 27. Kf3 Kg6 28. Rxe3 Rf8 29. Ke2 Ng4 30. Rf3 Re8+ 31. Kd2 Ne5
32. Rf4 a6 33. b3 Ra8 34. Ne4 b5 35. c5 dxc5 36. Nxc5 Rd8 37. Rd4 Nc6 38.
Ne6 Rd6 39. Rg4+ Kh5 40. Rg5+ Kxh4 41. g3+ Kh3 42. Nf4+ Kh2 43. Ke3 Nb4 44.
Kf3 Rh6 45. Re5 Kg1 46. Re1+ Kh2 47. a3 {Black resigns} 1-0

[Event "ICC tourney 2667 (40 10)"]
[Site "Internet Chess Club"]
[Date "2021.09.11"]
[Round "3"]
[White "RAJANISH, ADHVAITH:Adhvaith0406"]
[Black "WU, EVERETT:EW2006"]
[Result "1-0"]
[ICCResult "Black resigns"]
[WhiteElo "1944"]
[BlackElo "1602"]
[Opening "Queen's pawn, Mason variation"]
[ECO "D00"]
[NIC "QP.08"]
[Time "15:30:34"]
[TimeControl "2400+10"]

1. d4 d5 2. Bf4 e6 3. e3 Bd6 4. Bg3 Ne7 5. Nf3 Nf5 6. c4 Nxg3 7. hxg3 Bb4+
8. Nc3 Nc6 9. Bd3 dxc4 10. Bxc4 O-O 11. Qc2 g6 12. O-O-O Bxc3 13. Qxc3 Ne7
14. d5 exd5 15. Rxh7 f6 16. Rdh1 g5 17. Rh8+ Kf7 18. R1h7+ Ke6 19. Nd4+ Kd6
20. Nb5+ Kc6 21. Bd3+ Kb6 22. Rxf8 {Black resigns} 1-0

[Event "ICC tourney 2667 (40 10)"]
[Site "Internet Chess Club"]
[Date "2021.09.11"]
[Round "3"]
[White "LIU, ERIC CHANG:el008"]
[Black "VONTHRON, HORST:Sayilor"]
[Result "0-1"]
[ICCResult "White resigns"]
[WhiteElo "1934"]
[BlackElo "2411"]
[Opening "Sicilian: Najdorf"]
[ECO "B90"]
[NIC "SI.14"]
[Time "15:31:11"]
[TimeControl "2400+10"]

1. e4 c5 2. Nf3 d6 3. d4 cxd4 4. Nxd4 Nf6 5. Nc3 a6 6. f3 e5 7. Nb3 h5 8.
Be3 Be6 9. Qd2 Nbd7 10. Nd5 Nxd5 11. exd5 Bf5 12. Bd3 Bxd3 13. Qxd3 Be7 14.
Qd2 Qc7 15. Na5 Bh4+ 16. g3 Bd8 17. b4 Qc8 18. Nb3 h4 19. g4 Qc4 20. a3 Rc8
21. O-O-O Qxb3 22. Bf2 Bg5 {White resigns} 0-1

[Event "ICC tourney 2667 (40 10)"]
[Site "Internet Chess Club"]
[Date "2021.09.11"]
[Round "3"]
[White "TAO, SIHAN:K06-16931716"]
[Black "CHENG, Claire:Clairehouses"]
[Result "0-1"]
[ICCResult "White resigns"]
[WhiteElo "1544"]
[BlackElo "1809"]
[Opening "Sicilian: Najdorf, Byrne (English) attack"]
[ECO "B90"]
[NIC "SI.14"]
[Time "15:30:52"]
[TimeControl "2400+10"]

1. e4 c5 2. Nf3 d6 3. d4 cxd4 4. Nxd4 Nf6 5. Nc3 a6 6. Be3 e5 7. Nb3 Be6 8.
f3 Be7 9. Qd2 Nbd7 10. O-O-O O-O 11. Nd5 Bxd5 12. exd5 b5 13. Na5 Qc7 14.
Nc6 Nc5 15. Nxe5 Nxd5 16. Ng4 Nxe3 17. Nxe3 Bg5 18. g3 Bxe3 19. Qxe3 b4 20.
Kb1 a5 21. Qd2 Rfb8 22. Qxd6 Rd8 {White resigns} 0-1

[Event "ICC tourney 2667 (40 10)"]
[Site "Internet Chess Club"]
[Date "2021.09.11"]
[Round "3"]
[White "WU, WILLIAM:K09-15782241"]
[Black "SZERENCSY, IAN:iszerencsy"]
[Result "0-1"]
[ICCResult "White resigns"]
[WhiteElo "1916"]
[BlackElo "1550"]
[Opening "French: advance, Paulsen attack"]
[ECO "B22"]
[NIC "SI.46"]
[Time "15:30:24"]
[TimeControl "2400+10"]

1. e4 c5 2. c3 e6 3. d4 d5 4. e5 Nc6 5. Nf3 Nge7 6. Na3 cxd4 7. cxd4 Nf5 8.
Nc2 Be7 9. Bd3 O-O 10. O-O f6 11. Bxf5 exf5 12. Re1 fxe5 13. dxe5 f4 14.
Nfd4 Bc5 15. a3 Nxd4 16. Nxd4 Qb6 17. e6 Bxd4 18. e7 Re8 19. Bxf4 Bxf2+ 20.
Kh1 Bxe1 21. Qxd5+ Be6 22. Qg5 Qf2 23. h3 Qf1+ 24. Kh2 Qe2 25. Be5 Rxe7 26.
Rxe1 Qxe1 27. Bc3 Qf2 28. Qxe7 Qf7 29. Qc5 Qf4+ 30. g3 Qf3 31. Qe5 Qf6 32.
Qe3 Qh6 33. Qe5 Rf8 34. Bd4 Qxh3+ 35. Kg1 {White resigns} 0-1

[Event "ICC tourney 2667 (40 10)"]
[Site "Internet Chess Club"]
[Date "2021.09.11"]
[Round "3"]
[White "PARK, EVAN:espark"]
[Black "JEGAN, ALAN:playtowin2020"]
[Result "1-0"]
[ICCResult "Black resigns"]
[WhiteElo "2210"]
[BlackElo "1934"]
[Opening "Sicilian: accelerated fianchetto, Maróczy bind"]
[ECO "B36"]
[NIC "SI.33"]
[Time "15:30:27"]
[TimeControl "2400+10"]

1. e4 c5 2. Nf3 g6 3. d4 cxd4 4. Nxd4 Nc6 5. c4 Nf6 6. Nc3 d6 7. Be2 Nxd4 8.
Qxd4 Bg7 9. Be3 O-O 10. Qd2 Be6 11. Rc1 Rc8 12. b3 Qa5 13. f3 Rfd8 14. Nd5
Qxd2+ 15. Kxd2 Bxd5 16. cxd5 Nd7 17. Bb5 Nc5 18. b4 a6 19. Bc4 Na4 20. Bb3
Nc3 21. Rc2 Nb5 22. Rhc1 Rb8 23. Kd3 Na3 24. Re2 Rdc8 25. Ree1 Bb2 26. Rxc8+
Rxc8 27. Bd2 b5 28. f4 f6 29. Re2 Rc4 30. Be1 Rd4+ 31. Ke3 Ba1 32. Bd2 Nc4+
33. Bxc4 bxc4 34. Re1 Rd3+ 35. Ke2 Bd4 36. Rc1 Ra3 37. Rxc4 Bb2 38. Rc2 Bd4
39. Bc1 Ra4 40. a3 a5 41. Rc8+ Kf7 42. Ra8 Bc3 43. Kd3 Bxb4 44. axb4 Rxb4
45. Rxa5 Rb3+ 46. Ke2 Rb4 47. Kf3 Rb3+ 48. Be3 h5 49. g3 g5 50. fxg5 fxg5
51. Ra2 e6 52. dxe6+ Kxe6 53. Rd2 Rb5 54. Rd5 g4+ 55. Kf4 Rxd5 56. exd5+
Kxd5 57. Kg5 Ke4 58. Bf4 d5 59. Kxh5 Kf3 60. Kh4 d4 61. h3 gxh3 62. Kxh3 d3
63. Bh6 Kf2 64. g4 Kf3 65. Bd2 Ke2 66. Ba5 d2 67. Bxd2 Kxd2 68. g5
{Black resigns}
1-0

[Event "ICC tourney 2667 (40 10)"]
[Site "Internet Chess Club"]
[Date "2021.09.11"]
[Round "3"]
[White "Nesham, William Joseph:FireFox95"]
[Black "REMPE, MIEKE:MChessy"]
[Result "1-0"]
[ICCResult "Black resigns"]
[WhiteElo "2008"]
[BlackElo "1900"]
[Opening "Caro-Kann: advance variation"]
[ECO "B12"]
[NIC "CK.04"]
[Time "15:30:18"]
[TimeControl "2400+10"]

1. e4 c6 2. d4 d5 3. e5 Bf5 4. f4 h5 5. Nf3 e6 6. Bd3 Bxd3 7. Qxd3 Nd7 8. c3
Qb6 9. a4 O-O-O 10. b4 f6 11. Na3 fxe5 12. dxe5 Nh6 13. Be3 Qc7 14. Ng5 Re8
15. Qg6 Bxb4 16. cxb4 Nxe5 17. fxe5 Qxe5 18. Nc2 Nf5 19. Ra3 Qb2 20. Kd2 Re7
21. Nf3 Nd6 22. Bd4 {Black resigns} 1-0

[Event "ICC tourney 2667 (40 10)"]
[Site "Internet Chess Club"]
[Date "2021.09.11"]
[Round "3"]
[White "KUSHALNAGAR, NIRUPAM:K12-17349316"]
[Black "SHAWKAT, SAIF:saif-shawkat"]
[Result "1/2-1/2"]
[ICCResult "Game drawn by mutual agreement"]
[WhiteElo "1608"]
[BlackElo "1953"]
[Opening "Queen's pawn game"]
[ECO "D00"]
[NIC "QP.07"]
[Time "15:30:23"]
[TimeControl "2400+10"]

1. d4 Nf6 2. Nc3 d5 3. Bf4 g6 4. e3 Bg7 5. h4 h5 6. Nf3 O-O 7. Ne5 c5 8.
dxc5 Qa5 9. Qd4 Nc6 10. Nxc6 bxc6 11. b4 Qa3 12. Be5 Ne8 13. Bxg7 Nxg7 14.
Rb1 e5 15. Qd2 d4 16. Ne4 Nf5 17. exd4 exd4 18. Bd3 Kg7 19. O-O Ba6 20. Bxa6
Qxa6 21. Nd6 Nxd6 22. Qxd4+ Kg8 23. cxd6 Qxa2 24. c4 a5 25. Ra1 Qb3 26. bxa5
c5 27. Qxc5 Rfc8 28. Qd5 Qxc4 29. Qxc4 Rxc4 30. d7 Kf8 31. Rfd1 Ke7 32. a6
Kd8 33. g3 Rc6 34. Ra5 Raxa6 35. Rad5 Ra7 36. Rb1 Rxd7 37. Rb8+ Ke7 38.
Rxd7+ Kxd7 39. Rb7+ Ke6 40. Kg2 {Game drawn by mutual agreement} 1/2-1/2

[Event "ICC tourney 2667 (40 10)"]
[Site "Internet Chess Club"]
[Date "2021.09.11"]
[Round "3"]
[White "REMPE, JONAS JAKOB RAZA:Drachekokosnuss"]
[Black "RAMESH, RAHUL:rockinroll"]
[Result "1/2-1/2"]
[ICCResult "Game drawn by mutual agreement"]
[WhiteElo "2100"]
[BlackElo "1708"]
[Opening "French: exchange variation"]
[ECO "C01"]
[NIC "FR.01"]
[Time "15:30:23"]
[TimeControl "2400+10"]

1. e4 e6 2. d4 d5 3. exd5 exd5 4. Nf3 Nf6 5. Bd3 c5 6. dxc5 Bxc5 7. O-O O-O
8. Nc3 h6 9. h3 Nc6 10. a3 Qc7 11. b4 Bd6 12. Nb5 Qd8 13. Nxd6 Qxd6 14. b5
Ne5 15. Bf4 Nxf3+ 16. Qxf3 Qc5 17. Bxh6 Ne4 18. Be3 Qe7 19. c4 Be6 20. Bxe4
dxe4 21. Qxe4 Rac8 22. c5 Qd7 23. a4 Bd5 24. Qd4 Rfd8 25. Rad1 Qe7 26. Qc3
Qe4 27. f3 Qxa4 28. Bd4 Qxb5 29. Bxg7 Qxc5+ 30. Qxc5 Rxc5 31. Bd4 Ra5 32.
Rfe1 Be6 33. Be3 Rxd1 34. Rxd1 b5 35. Rd8+ Kh7 36. Ra8 a6 37. g4 b4 38. Bd4
b3 39. h4 Rd5 40. Bc3 Rd3 41. Rh8+ Kg6 42. h5+ Kg5 43. Rg8+ Kf4 44. Bf6 Rxf3
45. h6 Rh3 46. g5 Bf5 47. Rb8 Re3 48. Bd4 Rd3 49. Bf6 Re3 50. Bd4 Rg3+ 51.
Kf2 Rd3 52. Bf6 Rd2+ 53. Ke1 Rd3 54. Ke2 Re3+ 55. Kd2 Rd3+ 56. Ke2 Re3+ 57.
Kd2 {Game drawn by mutual agreement} 1/2-1/2

[Event "ICC tourney 2667 (40 10)"]
[Site "Internet Chess Club"]
[Date "2021.09.11"]
[Round "3"]
[White "VAKHIDOV, JAKHONGIR:TjkTiger"]
[Black "JORAJURIA MENDOZA, ALGOL:AJM04"]
[Result "1/2-1/2"]
[ICCResult "Game drawn by mutual agreement"]
[WhiteElo "2584"]
[BlackElo "2050"]
[Opening "English: symmetrical variation"]
[ECO "A37"]
[NIC "EO.28"]
[Time "15:31:11"]
[TimeControl "2400+10"]

1. c4 c5 2. g3 Nc6 3. Bg2 g6 4. Nc3 Bg7 5. Nf3 d6 6. O-O Nh6 7. d4 cxd4 8.
Bxh6 Bxh6 9. Nxd4 Nxd4 10. Qxd4 O-O 11. Rfd1 Bg7 12. Qe3 Bxc3 13. Qxc3 Qb6
14. a4 Be6 15. a5 Qa6 16. b3 Rac8 17. Qb4 Rc7 18. Ra3 Rb8 19. Rda1 b5 20.
axb6 Qxb6 21. Qd2 a5 22. h4 h5 23. Be4 Rc5 24. Bc2 d5 25. Rxa5 Rxa5 26. Rxa5
dxc4 27. bxc4 Bxc4 {Game drawn by mutual agreement} 1/2-1/2

[Event "ICC tourney 2667 (40 10)"]
[Site "Internet Chess Club"]
[Date "2021.09.11"]
[Round "3"]
[White "YAN, RUIYANG:jy2020"]
[Black "Walsh, Tim R:Telos53"]
[Result "1-0"]
[ICCResult "Black checkmated"]
[WhiteElo "2155"]
[BlackElo "1885"]
[Opening "Caro-Kann: two knights variation"]
[ECO "B10"]
[NIC "CK.01"]
[Time "15:30:22"]
[TimeControl "2400+10"]

1. e4 c6 2. Nf3 d5 3. Nc3 dxe4 4. Nxe4 Nf6 5. Qe2 Bg4 6. Nxf6+ gxf6 7. Qe4
f5 8. Qe3 Nd7 9. h3 Bxf3 10. Qxf3 e6 11. d4 Qc7 12. Bg5 Bg7 13. O-O-O Nf6
14. Bf4 Qa5 15. Bc4 O-O-O 16. Be5 Rhg8 17. g4 Bh6+ 18. Kb1 Nd7 19. Bg3 Nb6
20. Bb3 Rd7 21. Be5 Bg7 22. gxf5 Bxe5 23. fxe6 Rxd4 24. exf7 Rf8 25. Qf5+
Rd7 26. Rxd7 Nxd7 27. Rd1 Rd8 28. Rxd7 Rxd7 29. f8=Q+ Kc7 30. c3 Qb5 31. a4
Qxb3 32. Qxe5+ Kb6 33. Qfc5+ Ka6 34. Qa5# {Black checkmated} 1-0

[Event "ICC tourney 2667 (40 10)"]
[Site "Internet Chess Club"]
[Date "2021.09.11"]
[Round "3"]
[White "GUTLA, ARYAN:Aryangambit"]
[Black "WINDRAM, JAMES ALEXANDER:Cypsiurus"]
[Result "0-1"]
[ICCResult "White resigns"]
[WhiteElo "1961"]
[BlackElo "1639"]
[Opening "Sicilian: Sozin, 7.Be3"]
[ECO "B89"]
[NIC "SI.26"]
[Time "15:30:30"]
[TimeControl "2400+10"]

1. e4 c5 2. Nf3 d6 3. d4 cxd4 4. Nxd4 Nf6 5. Nc3 Nc6 6. Bc4 e6 7. Be3 a6 8.
Qe2 Qc7 9. O-O-O Na5 10. Bb3 b5 11. Bg5 Be7 12. f4 Bd7 13. e5 Nxb3+ 14. Nxb3
dxe5 15. fxe5 Nd5 16. Bxe7 Nxc3 17. bxc3 Kxe7 18. Qd2 Rhd8 19. Qg5+ Kf8 20.
Rd6 Bc6 21. Rhd1 Bd5 22. Rxd8+ Rxd8 23. Rd3 h6 24. Qh4 Rd7 25. Qb4+ Kg8 26.
Qf4 Bxg2 27. Rg3 Bb7 28. Qf6 g6 29. Nd4 Bd5 30. h4 Qd8 31. Qf4 h5 32. Rg5
Bxa2 33. Nc6 Qc8 34. Qe4 Bd5 35. Rxg6+ Kh7 36. Rh6+ Kxh6 37. Qf4+ Kh7 38.
Qg5 Qg8 39. Qxh5+ Kg7 40. Nb8 Re7 {White resigns} 0-1

[Event "ICC tourney 2667 (40 10)"]
[Site "Internet Chess Club"]
[Date "2021.09.11"]
[Round "3"]
[White "FILIPOVICH, DAVID MICHAEL:dmfcan"]
[Black "Wan, Joseph Cheng-Yue:cyborg86"]
[Result "0-1"]
[ICCResult "White checkmated"]
[WhiteElo "2050"]
[BlackElo "2295"]
[Opening "Réti opening"]
[ECO "A04"]
[NIC "QP.11"]
[Time "15:30:20"]
[TimeControl "2400+10"]

1. Nf3 g6 2. g3 Bg7 3. Bg2 d6 4. O-O c6 5. d4 Nd7 6. c4 Qc7 7. Qc2 Ngf6 8.
Rd1 O-O 9. e4 e5 10. dxe5 dxe5 11. h3 Nc5 12. Nc3 Ne6 13. Be3 Nh5 14. Ng5
Nd4 15. Bxd4 exd4 16. Ne2 h6 17. Nf3 c5 18. Ne1 f5 19. Nd3 fxe4 20. Bxe4
Bxh3 21. Bxg6 Qc6 22. Ne1 Rxf2 23. Kxf2 Rf8+ 24. Nf4 d3 25. Rxd3 Qxg6 26.
Rf3 Bd4+ 27. Ke2 Nxf4+ 28. Rxf4 Re8+ 29. Kd2 Qxg3 30. Rf3 Qh2+ 31. Kd3 Bf5+
32. Rxf5 Re3# {White checkmated} 0-1

[Event "ICC tourney 2667 (40 10)"]
[Site "Internet Chess Club"]
[Date "2021.09.11"]
[Round "3"]
[White "LIN, LEO FANYUE:Leolix"]
[Black "POMERANTZ, DANIEL G:dpomerantz135"]
[Result "1/2-1/2"]
[ICCResult "Game drawn because neither player has mating material"]
[WhiteElo "1850"]
[BlackElo "2238"]
[Opening "Queen's pawn: London system"]
[ECO "A45"]
[NIC "QP.05"]
[Time "15:30:17"]
[TimeControl "2400+10"]

1. d4 Nf6 2. Bf4 e6 3. Nf3 b6 4. e3 Bb7 5. Nbd2 c5 6. c3 cxd4 7. exd4 Be7 8.
Bd3 O-O 9. Qe2 d6 10. O-O Nbd7 11. Rfe1 Re8 12. Ne4 Nxe4 13. Bxe4 Bxe4 14.
Qxe4 Nf6 15. Qd3 Qd7 16. c4 d5 17. Ne5 dxc4 18. Qxc4 Rac8 19. Qd3 Qd5 20. b3
Red8 21. Nf3 Qb7 22. Rac1 Nd5 23. Bg3 Bf6 24. Qe4 Qe7 25. Ne5 Bxe5 26. Qxe5
Qa3 27. Rc4 b5 28. Rxc8 Rxc8 29. Qd6 Qxd6 30. Bxd6 a6 31. Bc5 g6 32. g3 Rc6
33. b4 f6 34. f4 Kf7 35. Kf2 Rc8 36. Ke2 h5 37. Kd3 Ra8 38. a3 a5 39. bxa5
Rxa5 40. Rb1 Ke8 41. h3 Kd7 42. Rb2 b4 43. Rb3 Rxa3 44. Rxa3 bxa3 45. Bxa3
h4 46. gxh4 Nxf4+ 47. Ke4 Ng2 48. d5 Nxh4 49. dxe6+ Kxe6 50. Kf4 Nf5 51. Bc5
g5+ 52. Kg4 Nh4 53. Bf2 Ng6 54. Bb6 Ne5+ 55. Kg3 Kf5 56. h4 g4 57. Bd8 Kg6
58. h5+ Kg5 59. h6 Nf7 60. Bxf6+ Kxf6 61. Kxg4 Nxh6+
{Game drawn because neither player has mating material}
1/2-1/2

[Event "ICC tourney 2667 (40 10)"]
[Site "Internet Chess Club"]
[Date "2021.09.11"]
[Round "3"]
[White "CHRISNEY, ADAM RENFRO:arenfroc"]
[Black "LYNN, BENNETT:ben622"]
[Result "0-1"]
[ICCResult "White resigns"]
[WhiteElo "1668"]
[BlackElo "2010"]
[Opening "Alekhine's defense: Steiner variation"]
[ECO "B02"]
[NIC "AL.10"]
[Time "15:30:30"]
[TimeControl "2400+10"]

1. e4 Nf6 2. e5 Nd5 3. c4 Nb6 4. b3 d6 5. Bb2 dxe5 6. Bxe5 Nc6 7. Bb2 e5 8.
Be2 Bf5 9. a3 Nd4 10. d3 Qd7 11. Nc3 O-O-O 12. Ne4 Nxe2 13. Nxe2 Qxd3 14.
N4g3 f6 15. Nxf5 Qxf5 16. Qb1 Qxb1+ 17. Rxb1 Rd3 18. Bc1 a5 19. O-O a4 20.
bxa4 Nxc4 21. Ng3 Nxa3 22. Bxa3 Rxa3 23. Nf5 g6 24. Ne3 Bc5 25. Nd5 Rd8 26.
Nxf6 Rxa4 27. Nxh7 Be7 28. Rfe1 Rh8 29. Rxe5 Rxh7 30. Rbe1 Kd7 31. Rd1+ Bd6
32. Rg5 Rg7 33. g3 b6 34. h4 Ra5 35. Rg4 Kc6 36. Re1 b5 37. Re6 Ra4 38. Rg5
b4 39. h5 b3 40. h6 Rh7 41. Rgxg6 b2 42. Rg7 b1=Q+ 43. Kg2 Ra1 44. f4 Qh1+
45. Kf2 Rxh6 {White resigns} 0-1

[Event "ICC tourney 2667 (40 10)"]
[Site "Internet Chess Club"]
[Date "2021.09.11"]
[Round "3"]
[White "SHOLL, CRAIG H:craigsholl66"]
[Black "POWER, SEAN K:KnightHopper"]
[Result "1-0"]
[ICCResult "Black checkmated"]
[WhiteElo "1791"]
[BlackElo "1965"]
[Opening "Sicilian: Canal-Sokolsky (Nimzovich-Rossolimo, Moscow) attack"]
[ECO "B51"]
[NIC "SI.01"]
[Time "15:30:37"]
[TimeControl "2400+10"]

1. e4 c5 2. Nf3 d6 3. Bb5+ Nd7 4. O-O Nf6 5. Re1 a6 6. Bf1 g6 7. c3 Bg7 8.
d3 O-O 9. Bf4 e5 10. Bg5 Qc7 11. a4 b6 12. c4 h6 13. Bxf6 Bxf6 14. Nc3 Bb7
15. Nd5 Bxd5 16. cxd5 Bg7 17. g3 Kh7 18. Nh4 b5 19. a5 Bf6 20. Ng2 Rae8 21.
Ra2 Bd8 22. f4 exf4 23. gxf4 Bf6 24. Qg4 Bd4+ 25. Kh1 Nf6 26. Qg3 c4 27. Qf3
c3 28. b4 Nxd5 29. exd5 c2 30. Rc1 Qc3 31. Rcxc2 Qxb4 32. Rc7 Qb1 33. Re2
Rc8 34. Ree7 Rxc7 35. Rxc7 b4 36. f5 Kg8 37. Nf4 b3 38. fxg6 fxg6 39. Qe2
Be5 40. Qg2 g5 41. Qh3 Rf5 42. Rc8+ Kg7 43. Ne6+ Kg6 44. Nf8+ Rxf8 45. Rxf8
Qd1 46. Qf5+ Kh5 47. Qh3+ Kg6 48. Qe6+ Kh5 49. Qe8+ Kh4 50. Qe6 h5 51. Qh3#
{Black checkmated}
1-0